 Dungeon Crawl Stone Soup version 0.29-a0-998-g1987434951 (webtiles) character file.

Game seed: 4424270847417387697

240 Kinoniko the Chopper (level 6, -8/52 HPs)
             Began as a Hill Orc Fighter on Aug 5, 2022.
             Mangled by Blork the orc
             ... wielding a +0 glaive
              (14 damage)
             ... on level 4 of the Dungeon.
             The game lasted 00:03:02 (3574 turns).

Kinoniko the Chopper (Hill Orc Fighter)             Turns: 3574, Time: 00:03:03

Health: -8/52      AC:  6    Str: 21    XL:     6   Next: 8%
Magic:  6/6        EV:  9    Int:  8    God:
Gold:   273        SH:  5    Dex: 10    Spells: 5/5 levels left

rFire   . . .      SeeInvis .   a - +0 war axe (flame)
rCold   . . .      Faith    .   c - +0 buckler
rNeg    . . .      Spirit   .   b - +0 scale mail
rPois   .          Reflect  .   (no helmet)
rElec   .          Harm     .   (no cloak)
rCorr   .          Rampage  .   (no gloves)
Will    .....                   (no boots)
Stlth   ..........              (no amulet)
HPRegen 0.17/turn               (no ring)
MPRegen 0.10/turn               (no ring)

@: no status effects
A: no striking features
a: no special abilities


You were on level 4 of the Dungeon.
You visited 1 branch of the dungeon, and saw 4 of its levels.

You collected 273 gold pieces.

Inventory:

Hand Weapons
 a - a +0 war axe of flaming (weapon)
Armour
 b - a +0 scale mail (worn)
 c - a +0 buckler (worn)
 k - a +0 plate armour
Jewellery
 j - a ring of flight
Scrolls
 e - 2 scrolls of teleportation
 f - a scroll of identify
 h - a scroll of brand weapon
 l - a scroll of enchant armour
 p - a scroll of fog
 q - a scroll of immolation {unknown}
Potions
 d - 5 potions of might
 g - a potion of attraction {unknown}
 i - 2 potions of curing {unknown}
 m - a potion of brilliance {unknown}
 n - a potion of ambrosia {unknown}
 o - a potion of cancellation {unknown}
 r - a potion of degeneration {unknown}
 t - a potion of resistance {unknown}
 v - a potion of heal wounds {unknown}


   Skills:
 - Level 3.6 Fighting
 * Level 6.8 Axes
 - Level 3.3 Armour
 + Level 4.9 Shields


You had 5 spell levels left.
You didn't know any spells.
Your spell library contained the following spells:

 Spells                   Type           Power      Damage    Failure   Level
 Ensorcelled Hibernation  Hex/Ice        0%         N/A       92%         2
 Spider Form              Tmut/Pois      0%         N/A       99%         3
 Anguish                  Hex/Necr       0%         N/A       100%        4


Dungeon Overview and Level Annotations

Branches:
Dungeon (4/15)
 Temple: D:4-7

Altars:

Annotations:
D:4 Blork the orc


Message History

The ball python hisses angrily.
Blork the orc closely misses you. x2
Blork the orc screams, "I'll rip your head off!"
Blork the orc hits you with a +0 glaive!
You hit Blork the orc but do no damage. Blork the orc closely misses you.
Blork the orc gestures at you while chanting.
The puff of frost hits you.
You closely miss Blork the orc.
Blork the orc hits you with a +0 glaive!
Blork the orc points at you and mumbles some strange words.
The puff of flame hits you.
The ball python bites you but does no damage.
The ball python grabs you. The ball python constricts you.
You are too injured to fight recklessly!
You are too injured to fight recklessly!
You are too injured to fight recklessly!
Unknown command.
You hit Blork the orc. You burn Blork the orc.
Blork the orc is lightly wounded.
You hit the ball python. You burn the ball python.
You kill the ball python!
Blork the orc points at you and mumbles some strange words.
The puff of frost hits you!
* * * LOW HITPOINT WARNING * * *
You barely miss Blork the orc.
Blork the orc is lightly wounded.
Blork the orc looks satisfied for a moment.
Blork the orc closely misses you.
Unknown command.
You hit Blork the orc but do no damage.
Blork the orc is lightly wounded.
Blork the orc barely misses you.
Blork the orc hits you with a +0 glaive.
* * * LOW HITPOINT WARNING * * *
Unknown command.
You hit Blork the orc but do no damage.
Blork the orc is lightly wounded.
Blork the orc barely misses you.
Blork the orc hits you with a +0 glaive!
You die...

#.# #.#
#####.####
##.[......
#>.......
##....... #
......o.##.####
#....†@.......
#....#.##.####
#..!##.##.#
#.........#
######.#### #.#
#.# #.# #.#####


You could see Blork the orc (fast).

Vanquished Creatures
  A black bear (D:4)
  Jessica (D:2)
  3 adders (D:3)
  A worm (D:3)
  10 dart slugs
  5 orcs (D:4)
  5 ball pythons
  7 endoplasms
  A giant cockroach (D:3)
  6 goblins
  6 hobgoblins
  7 kobolds
  3 quokkas (D:3)
  7 bats
  A frilled lizard (D:3)
  2 rats
66 creatures vanquished.

Vanquished Creatures (others)
  6 plants (D:1)
6 creatures vanquished.

Grand Total: 72 creatures vanquished

Notes
Turn   | Place    | Note
-------+----------+-------------------------------------------
     0 | D:1      | Kinoniko the Hill Orc Fighter began the quest for the Orb.
     0 | D:1      | Reached XP level 1. HP: 19/19 MP: 1/1
   212 | D:1      | Reached skill level 3 in Axes
   291 | D:1      | Reached XP level 2. HP: 19/27 MP: 2/2
  1180 | D:2      | Noticed Jessica
  1182 | D:2      | Killed Jessica
  1183 | D:2      | Reached skill level 4 in Axes
  1183 | D:2      | Reached XP level 3. HP: 33/33 MP: 3/3
  1573 | D:3      | Reached XP level 4. HP: 40/40 MP: 4/4
  1600 | D:3      | Reached skill level 5 in Axes
  2308 | D:3      | Reached XP level 5. HP: 43/46 MP: 5/5
  2811 | D:4      | Noticed a black bear
  2826 | D:4      | Killed a black bear
  2827 | D:4      | Reached skill level 6 in Axes
  2827 | D:4      | Reached XP level 6. HP: 6/52 MP: 6/6
  3565 | D:4      | Noticed Blork the orc
  3574 | D:4      | Mangled by Blork the orc

Illustrated notes

Levels and vault maps discovered:
D:1:      roderic_crop_circles_arrival_small, layout_basic
D:2:      layout_basic, serial_glass, glass_columns_a, glass_columns_b,
          uniq_jessica
D:3:      kennysheep_slugbush, layout_basic, minmay_randomly_rotated_circles
D:4:      layout_loops_corners, hangedman_decor_points,
          pf_guarded_unrand_woodcutter, uniq_blork_the_orc

Skill      XL: |  1  2  3  4  5 |
---------------+----------------+-----
Axes           | 3 4 5 6 |  6.8
Shields        | 4 |  4.9
Fighting       | |  3.6
Armour         | |  3.3

Action                   |  1- 3 |  4- 6 || total
-------------------------+-------+-------++-------
Melee: War axe           |    68 |   105 ||   173
  Use: Scroll            |       |     7 ||     7
Armor: Scale mail        |    30 |    48 ||    78
Dodge: Dodged            |    37 |    64 ||   101
Block: Buckler           |    17 |    35 ||    52

Table legend: (Time is in decaauts)
 A = Elapsed time spent in this place.
 B = Non-inter-level travel time spent in this place.
 C = Inter-level travel time spent in this place.
 D = Time resting spent in this place.
 E = Time spent auto-exploring this place.
 F = Levels seen in this place.
 G = Mean time per level.
                   A        B        C        D        E       F      G
               +--------+--------+--------+--------+--------+-----+--------+
         Total |   3643 |   3582 |     61 |    408 |   2689 |   4 |  910.8 |
       Dungeon |   3643 |   3582 |     61 |    408 |   2689 |   4 |  910.8 |
               +--------+--------+--------+--------+--------+-----+--------+

Top non-repeatable levels by time:
     D:3: 1366 daAuts
     D:4: 844 daAuts
     D:1: 842 daAuts
     D:2: 589 daAuts
